 Dungeon Crawl Stone Soup version 0.27.0-1-g7a089689b8 (webtiles) character file.

Game seed: 18002075368917157443

25 HaiZhung the Stinger (level 3, -1/24 HPs)
             Began as a Formicid Venom Mage on Aug 15, 2021.
             Slain by a ball python (3 damage)
             ... on level 2 of the Dungeon.
             The game lasted 00:14:51 (1203 turns).

HaiZhung the Stinger (Formicid Venom Mage)          Turns: 1203, Time: 00:14:52

Health: -1/24      AC:  2    Str: 12    XL:     3   Next: 17%
Magic:  1/6        EV:  9    Int: 15    God:
Gold:   6          SH:  0    Dex: 11    Spells: 1/7 levels left

rFire    . . .     SeeInvis +   d - +0 spear
rCold    . . .     Faith    .   (no shield)
rNeg     . . .     Spirit   .   a - +0 robe
rPois    .         Reflect  .   (helmet unavailable)
rElec    .         Harm     .   (no cloak)
rCorr    .         Rampage  .   (no gloves)
Will     .....                  (no boots)
Stlth    ++........             (no amulet)
HPRegen  0.08/turn              (no ring)
MPRegen  0.10/turn              (no ring)

@: very slightly contaminated, constricted
A: permanent stasis, dig shafts and tunnels, antennae 3, four strong arms
a: Dig, Shaft Self


You were on level 2 of the Dungeon.
You visited 1 branch of the dungeon, and saw 2 of its levels.

You collected 6 gold pieces.

Inventory:

Hand Weapons
 d - a +0 spear (weapon)
Missiles
 k - 13 sling bullets
Armour
 a - a +0 robe (worn)
Magical Staves
 g - a staff of conjuration
Jewellery
 n - a ring of ice
Scrolls
 b - a scroll of torment {unknown}
 c - 2 scrolls of identify {unknown}
 e - a scroll of blinking {unknown}
 f - a scroll of vulnerability {unknown}
 i - a scroll of teleportation {unknown}
 l - a scroll of noise {unknown}
 m - a scroll of enchant armour {unknown}
Potions
 h - 2 potions of attraction {unknown}
 j - a potion of curing {unknown}


   Skills:
 + Level 0.1 Fighting
 + Level 2.0 Dodging
 + Level 2.9 Stealth
 + Level 0.1 Unarmed Combat
 + Level 2.6 Spellcasting
 + Level 1.1 Transmutations
 + Level 4.5 Poison Magic


You had one spell level left.
You knew the following spells:

 Your Spells              Type           Power      Damage    Failure   Level
a - Sting                 Tmut/Pois      40%        1d5       7%          1
b - Poisonous Vapours     Pois/Air       16%        N/A       12%         2
c - Mephitic Cloud        Conj/Pois/Air  6%         N/A       32%         3

Your spell library contained the following spells:

 Spells                   Type           Power      Damage    Failure   Level
 Olgreb's Toxic Radiance  Pois           15%        N/A       32%         4


Dungeon Overview and Level Annotations

Branches:
Dungeon (2/15)

Altars:


Innate Abilities, Weirdness & Mutations

You cannot be hasted, slowed, berserked, paralysed or teleported.
You can dig through walls and to a lower floor.
You have a pair of large antennae on your head. (SInv)
Your four strong arms can wield two-handed weapons with a shield.


Message History

Aim: a kobold, wielding a +0 short sword Poisonous vapours surround the kobold!
The kobold is poisoned.
The ball python bites you. The ball python constricts you.
Casting: Poisonous Vapours (safe; 12% risk of failure)
Confirm with . or Enter, or press ? or * to list all spells.
Aiming: Sting (safe; 7% risk of failure)
Press: ? - help, Shift-Dir - straight line, f - ball python, p - kobold
Aim: a ball python (constricting you, 68% to hit)
The sting misses the ball python.
The sting hits the kobold.
The kobold looks even sicker.
You kill the kobold!
The ball python completely misses you. The ball python constricts you.
Your Dodging skill increases to level 2!
Casting: Sting (safe; 7% risk of failure)
Confirm with . or Enter, or press ? or * to list all spells.
Aiming: Poisonous Vapours (safe; 12% risk of failure)
Press: ? - help, Dir - move target, f/p - ball python
Aim: a ball python (constricting you)
You miscast Poisonous Vapours.
You are very lightly contaminated with residual magic.
Nothing appears to happen.
The ball python bites you. The ball python constricts you.
The ball python bites you.
* * * LOW HITPOINT WARNING * * *
The ball python constricts you.
You barely miss the ball python. The ball python barely misses you.
* * * LOW HITPOINT WARNING * * *
The ball python constricts you.
You hit the ball python.
The ball python is moderately wounded.
The ball python bites you.
* * * LOW HITPOINT WARNING * * *
x2 The ball python constricts you.
You completely miss the ball python.
The ball python is moderately wounded.
The ball python bites you but does no damage.
The ball python constricts you.
You closely miss the ball python.
The ball python is moderately wounded.
The ball python bites you.
You die...

#.# ##.## #.........#
#.# #.# ###.#.##.##
##.# #.# #.#..#.# ...#
##+# #.##.#.# ####
##...# #......# ##
#.....# #####.### .##
.......## ##.###.#
..####
........####...##.#
.....+
.......)S@...<..#.####
..####
........####.........#
.## .......##
##.#......# ####
#.....# #.#......#
...# ##...# #.#......#
##.# ##+# #.##...#.#
#.# #.# #.##.###.# #.#
#.# #........# #.#
##.############.#####


You could see a ball python.

Vanquished Creatures
  An adder (D:2)
  A dart slug (D:1)
  A ball python (D:1)
  A bat (D:1)
  3 endoplasms (D:1)
  A kobold (D:2)
  6 frilled lizards
  A rat (D:1)
15 creatures vanquished.

Notes
Turn   | Place    | Note
-------+----------+-------------------------------------------
     0 | D:1      | HaiZhung the Formicid Venom Mage began the quest for the
                  | Orb.
     0 | D:1      | Reached XP level 1. HP: 13/13 MP: 3/3
   493 | D:1      | Reached XP level 2. HP: 19/19 MP: 5/5
   496 | D:1      | Learned a level 2 spell: Poisonous Vapours
   625 | D:1      | Found a faded altar of an unknown god.
  1078 | D:2      | Reached XP level 3. HP: 21/24 MP: 4/6
  1083 | D:2      | Learned a level 3 spell: Mephitic Cloud
  1203 | D:2      | Slain by a ball python

Illustrated notes

Levels and vault maps discovered:
D:1:      sevenhm_arrival_forest_fort_large_4, layout_rooms,
          basic_ecumenical_altar
D:2:      cheibrodos_old_hovel, layout_loops_corners, uniq_natasha

Skill      XL: |  1  2  3 |
---------------+----------+-----
Dodging        | 2 |  2.0
Fighting       | |  0.1
Stealth        | |  2.9
Unarmed Combat | |  0.1
Spellcasting   | |  2.6
Transmutations | |  1.1
Poison Magic   | |  4.5

Action                   || total
-------------------------++-------
Melee: Unarmed           ||    13
       Spear             ||    34
 Cast: Sting             ||     3
       Poisonous Vapours ||     1
 Abil: Dig               ||     2
 Stab: Sleeping          ||     4
Armor: Robe              ||     7
Dodge: Dodged            ||    15
